Match 46002493
Unlisted

Match 46002493
End
Engineer Squad
Construct Weapon Support Center
Sniper
M1919 Machine Gun Team
M1919 Machine Gun Team
Infantry Support Center
Construct Medical Station
Engineer Squad
.30 cal Machine Gun
Selects Advanced Infantry Battlegroup
Bazooka Squad
.30 cal Machine Gun
Bazooka Squad
Improved M9 Bazooka Rockets
Selects Ammunition Storage
Selects M2A1 105mm Howitzer Emplacement
Bazooka Squad
Brick_man
Tree
blackjack11444
Ico
BurningShot
Anti-Something Squad
PZ
JANGCHEN
0
0

Comments sign in to comment!

No comments posted yet!